cohdb
Replays
Latest Replays
All Replays
Popular Replays
Top Player Replays
Match Explorer
How It Works
Community
CoH3 Stats
Reddit
Sign in to upload your games and track your stats! →
Sign in with Steam
Match 45229041
Unlisted
Match 45229041
Overview
Messages
Build Orders
End
Construct Section Command Post
Infantry Section
Selects Canadian Shock Battlegroup
Infantry Section
Vickers Machine Gun Team
Infantry Section
Construct Field Infirmary
Grenade Package
Selects Attacking Spirit
Construct Platoon Command Post
Selects Incendiary Munitions
6-pounder Anti-tank Gun Team
Royal Engineer Section
Selects Pyrotechnics
silentbreacher
FeriG
0
0
Comments
sign in to comment!
No comments posted yet!